AoeStats
← [TUC] P E L U S A

Lombardia

509142491Analyzed
3v3 RM · 7d ago on Sep 25, 2026· 64m 43s· 6 players
Game mode
Random Map
Map size
Normal (6 player)
Population
200
Speed
Normal
Resources
Standard
Victory
Conquest
Starting age
Dark Age
Ending age
Imperial Age
RankedLock teamsTeams togetherTeam positionsShared explorationLock speedFull tech treeHidden civsTurbo modeCheats
Victory
Defeat
🇫🇷 Berbers · France
1329
+17
🇳🇱 Saxons · Netherlands
1292
+18
🇦🇷 Mongols · Argentina
1277
+19
🇦🇷 Varangians · Argentina
1508
-25
🇩🇰 Ethiopians · Denmark
1268
-15
🇦🇷 Persians · Argentina
1241
-14
[TUC] P E L U S A
0:37 Loom
11:35 Feudal Age
12:05 Double-Bit Axe
19:30 Castle Age
19:01 Fletching
19:36 Crossbowman
21:51 Thumb Ring
22:57 Town Watch
27:07 Wheelbarrow
27:28 Horse Collar
35:31 Imperial Age
33:08 Caravan
33:34 Gold Mining
34:16 Bow Saw
36:47 Ballistics
36:56 Hand Cart
38:26 Coinage
37:33 Arbalester
42:30 Chemistry
45:19 Bodkin Arrow
47:30 Two-Man Saw
48:58 Padded Archer Armor
53:27 Light Cavalry
61:41 Elite Skirmisher
62:38 Husbandry
[TUC] Fachirichi
7:32 Loom
10:56 Feudal Age
14:39 Castle Age
13:02 Double-Bit Axe
15:00 Forging
14:50 Horse Collar
16:24 Bow Saw
28:15 Heavy Plow
28:57 Wheelbarrow
32:57 Imperial Age
31:13 Gold Mining
31:14 Stone Mining
32:34 Hand Cart
32:29 Scale Barding Armor
33:00 Iron Casting
33:52 Chain Barding Armor
33:44 Bloodlines
33:30 Elite Jarl
35:50 Blast Furnace
35:04 Husbandry
36:10 Conscription
38:05 Stone Shaft Mining
38:24 Plate Barding Armor
41:10 Fletching
44:22 Siege Engineers
45:18 Chemistry
44:39 Ballistics
44:16 Bodkin Arrow
48:19 Bracer
52:24 Light Cavalry
53:44 Hussar
58:51 Capped Ram
[TUC] NAGES
1:08 Loom
10:51 Feudal Age
18:49 Castle Age
17:38 Bloodlines
19:50 Scale Barding Armor
21:00 Horse Collar
21:07 Double-Bit Axe
25:20 Forging
26:06 Chain Barding Armor
28:00 Bow Saw
27:43 Gold Mining
30:30 Iron Casting
31:00 Husbandry
35:47 Imperial Age
33:59 Wheelbarrow
34:02 Heavy Plow
35:11 Caravan
36:31 Gold Shaft Mining
35:26 Cavalier
35:33 Cavalier
38:25 Hand Cart
40:37 Plate Barding Armor
41:04 Blast Furnace
39:31 Savar
55:47 Fletching
55:57 Padded Archer Armor
56:32 Ballistics
57:13 Chemistry
61:15 Light Cavalry
62:44 Thumb Ring
62:41 Elite Skirmisher
64:50 Chemistry
64:21 Leather Archer Armor
64:02 Bodkin Arrow
Inf4me
6:28 Loom
9:24 Feudal Age
9:56 Double-Bit Axe
10:45 Horse Collar
16:55 Wheelbarrow
19:47 Castle Age
21:12 Scale Barding Armor
21:50 Bloodlines
22:36 Fletching
23:43 Bow Saw
23:33 Heavy Plow
28:53 Chain Barding Armor
28:44 Forging
31:22 Iron Casting
32:41 Gold Mining
32:42 Stone Mining
33:48 Husbandry
36:38 Imperial Age
35:17 Town Watch
35:47 Hand Cart
35:49 Bodkin Arrow
35:55 Padded Archer Armor
36:16 Ballistics
35:38 Treadmill Crane
36:42 Heavy Camel Rider
36:43 Cavalier
38:05 Plate Barding Armor
37:29 Stone Mining
38:14 Gold Shaft Mining
38:12 Crop Rotation
40:20 Stone Shaft Mining
40:26 Conscription
40:09 Maghrebi Camels
44:41 Chemistry
43:42 Bracer
43:57 Leather Archer Armor
44:27 Town Patrol
49:51 Blast Furnace
49:53 Ring Archer Armor
52:08 Scale Mail Armor
52:17 Elite Genitour
55:10 Thumb Ring
56:58 Light Cavalry
63:18 Chain Mail Armor
65:01 Caravan
65:31 Coinage
BenBouten4
7:41 Loom
9:40 Feudal Age
10:19 Man-at-Arms
11:06 Arson
12:43 Forging
12:30 Double-Bit Axe
12:25 Horse Collar
16:56 Wheelbarrow
20:59 Castle Age
19:02 Stone Mining
22:01 Bow Saw
21:51 Heavy Plow
22:14 Hand Cart
23:14 Town Watch
23:21 Gold Mining
24:40 Scale Mail Armor
25:48 Chain Mail Armor
26:02 Squires
25:49 Gambesons
27:05 Iron Casting
27:34 Fletching
35:34 Imperial Age
33:41 Gold Shaft Mining
35:07 Ballistics
34:43 Bodkin Arrow
35:51 Elite Hearth Troop
37:03 Plate Mail Armor
35:58 Capped Ram
37:21 Crop Rotation
38:00 Two-Man Saw
36:51 Shield Wall
37:13 Siege Ram
40:19 Hoardings
40:03 Bracer
47:23 Conscription
55:09 Padded Archer Armor
56:33 Chemistry
55:47 Masonry
56:08 Leather Archer Armor
58:47 Husbandry
58:57 Bloodlines
58:26 Heavy Mounted Crossbowman
58:27 Cranequins
59:14 Thumb Ring
59:40 Ring Archer Armor
61:38 Caravan
Cleopatra
10:16 Feudal Age
11:40 Horse Collar
14:12 Castle Age
12:43 Double-Bit Axe
16:05 Wheelbarrow
16:25 Bow Saw
19:58 Loom
30:06 Heavy Plow
36:26 Imperial Age
34:07 Fletching
34:18 Padded Archer Armor
35:00 Hand Cart
34:50 Bodkin Arrow
36:23 Ballistics
37:19 Bracer
37:35 Leather Archer Armor
38:15 Conscription
37:56 Nomads
39:18 Chemistry
38:24 Siege Engineers
39:01 Gold Mining
40:22 Elite Mangudai
41:58 Capped Ram
42:43 Husbandry
42:53 Bloodlines
42:53 Scale Barding Armor
42:59 Forging
44:03 Chain Barding Armor
43:04 Light Cavalry
43:20 Siege Ram
44:22 Drill
45:19 Hussar
49:37 Caravan
54:06 Iron Casting
54:45 Thumb Ring
55:08 Elite Skirmisher
63:38 Onager
Connection lost

Rejoining the realm…

Still unreachable

The connection could not be restored.

Session expired

The server has moved on; the page needs a fresh start.